Map: [ESL] Site Delta

Players

BabyMarine - Winner!

  • Race: Terran Terran
  • Spawn Location: 5:00

ForJumY

  • Race: Protoss Protoss
  • League: Grandmaster
  • Spawn Location: 11:00

Event: HomeStory Cup XXIV

VOD

Have the link to the VOD?

Description

Time

  • Played on: Dec. 2, 2023, 8:04 a.m.
  • Length: 7:48

All games in this series

Show
View Real Time Build Order
Export as new Build Order

BabyMarine Terran - Winner!

Build Orders: Reaper Expand 

Get SALT Encoding   

  12  0:00  SCV  
  13  0:12  SCV  
  14  0:16  Supply Depot  
  14  0:24  SCV  
  15  0:38  SCV  
  15  0:40  Barracks  
  16  0:44  Refinery  
  16  0:50  SCV  
  17  1:02  SCV  
  18  1:15  SCV  
  18  1:27  SCV  
  18  1:30  Reaper  
  20  1:39  Orbital Command  
  20  1:47  Command Center  
  20  2:00  Supply Depot  
  20  2:02  Marine  
  20  2:05  SCV  
  22  2:14  Factory  
  22  2:17  SCV  
  22  2:21  Barracks Reactor  
  23  2:29  SCV  
  24  2:30  Bunker  
  24  2:32  Refinery  
  24  2:41  SCV  
  25  2:53  SCV  
  26  2:58  Marine x2  
  26  2:59  Orbital Command  
  26  3:05  SCV  
  31  3:07  Starport  
  29  3:17  SCV, Marine x2  
  31  3:23  Cyclone  
  31  3:26  SCV  
  34  3:30  SCV  
  35  3:37  Marine x2  
  37  3:42  SCV  
  37  3:43  Supply Depot  
  37  3:44  SCV  
  37  3:47  Medivac  
  41  3:54  Marine  
  42  3:58  SCV  
  42  4:00  SCV  
  46  4:02  Cyclone  
  46  4:05  Barracks  
  46  4:10  SCV  
  46  4:11  Supply Depot  
  46  4:12  Marine, SCV  
  46  4:14  Marine  
  50  4:22  SCV  
  50  4:23  Starport Tech Lab  
  51  4:24  Barracks  
  51  4:25  SCV  
  52  4:32  Engineering Bay  
  52  4:34  Supply Depot  
  52  4:36  SCV  
  52  4:37  Marine  
  54  4:39  Marine  
  54  4:40  Factory Tech Lab  
  56  4:45  SCV  
  56  4:49  Refinery  
  56  4:51  SCV, Supply Depot  
  56  4:52  Starport Reactor  
  57  4:55  Marine  
  57  4:57  SCV  
  59  5:02  Marine  
  59  5:03  SCV  
  61  5:10  SCV  
  61  5:12  Factory Reactor  
  62  5:15  SCV  
  58  5:22  SCV  
  58  5:24  Marine x2  
  58  5:27  SCV  
  61  5:28  Terran Infantry Weapons Level 1  
  61  5:33  Stimpack  
  61  5:34  SCV, Marauder  
  63  5:37  Liberator, Refinery  
  63  5:39  SCV  
  67  5:46  SCV  
  67  5:51  SCV  
  67  5:58  SCV  
  67  6:02  Supply Depot  
  67  6:04  Combat Shield, SCV  
  67  6:05  Marine, Marauder x2  
  67  6:06  Widow Mine x2, Marine  
  77  6:14  Command Center, SCV  
  77  6:15  Barracks x2  
  78  6:22  SCV, Medivac x2  
  83  6:28  Widow Mine  
  83  6:29  Marauder, Marine, Widow Mine  
  83  6:32  Marine  
  90  6:33  Marauder  
  93  6:41  Supply Depot  
  93  6:42  Armory  
  93  6:45  SCV  
  94  7:03  Widow Mine x2, SCV, Marine x2  
  94  7:08  Barracks Reactor, Barracks Tech Lab  
  101  7:10  Engineering Bay  
  101  7:13  SCV  
  102  7:22  Marauder  
  102  7:25  SCV x2, Marine x2  
  102  7:26  Marauder  
Show
View Real Time Build Order
Export as new Build Order

ForJumY Protoss 

Build Orders: 1 Gate Expand, Phoenix Opening, Colossus Rush 

Get SALT Encoding   

  12  0:00  Probe  
  13  0:12  Probe  
  14  0:16  Pylon  
  14  0:24  Probe  
  15  0:35  Gateway  
  15  0:37  Probe (Chrono Boost)  
  16  0:46  Assimilator, Probe (Chrono Boost)  
  17  0:51  Probe (Chrono Boost)  
  18  1:03  Probe  
  19  1:17  Probe  
  20  1:23  Nexus  
  20  1:35  Cybernetics Core  
  20  1:36  Probe  
  21  1:44  Assimilator  
  21  1:49  Probe  
  21  1:52  Pylon  
  22  2:02  Probe  
  22  2:08  Adept (Chrono Boost)  
  23  2:14  Probe  
  25  2:22  Stargate  
  25  2:27  Probe (Chrono Boost)  
  25  2:28  Adept (Chrono Boost)  
  26  2:35  Probe (Chrono Boost)  
  29  2:43  Probe (Chrono Boost)  
  31  2:44  Probe (Chrono Boost)  
  31  2:49  Probe (Chrono Boost)  
  31  2:50  Adept, Probe, Warp Gate  
  35  3:01  Probe  
  35  3:02  Probe  
  36  3:13  Probe (Chrono Boost)  
  36  3:14  Gateway  
  36  3:17  Probe (Chrono Boost)  
  38  3:25  Probe (Chrono Boost), Phoenix  
  42  3:31  Probe (Chrono Boost)  
  42  3:32  Probe (Chrono Boost)  
  42  3:33  Pylon  
  41  3:38  Probe  
  42  3:41  Probe  
  42  3:42  Robotics Facility  
  43  3:49  Phoenix (Chrono Boost)  
  43  3:50  Probe  
  43  3:53  Probe  
  47  4:06  Nexus  
  47  4:07  Pylon  
  47  4:08  Probe x2  
  49  4:13  Phoenix  
  51  4:20  Probe x2  
  53  4:25  Assimilator  
  53  4:27  Assimilator  
  53  4:30  Robotics Bay  
  55  4:40  Immortal (Chrono Boost)  
  55  4:44  Zealot  
  59  4:49  Shield Battery  
  59  4:50  Stalker, Pylon  
  61  4:54  Shield Battery  
  61  5:02  Probe  
  62  5:08  Probe, Pylon, Phoenix (Chrono Boost)  
  65  5:14  Stalker x2  
  61  5:24  Probe (Chrono Boost)  
  61  5:27  Probe (Chrono Boost)  
  55  5:30  Phoenix (Chrono Boost), Probe (Chrono Boost)  
  58  5:41  Probe (Chrono Boost)  
  66  5:43  Stalker, Probe (Chrono Boost)  
  66  5:49  Stalker  
  65  5:50  Pylon  
  65  5:54  Probe  
  65  5:56  Probe  
  62  5:57  Probe  
  62  5:58  Colossus (Chrono Boost)  
  62  6:03  Phoenix  
  65  6:09  Probe (Chrono Boost)  
  65  6:11  Probe (Chrono Boost)  
  68  6:13  Probe (Chrono Boost)  
  68  6:15  Twilight Council  
  68  6:17  Gateway x2  
  69  6:19  Probe (Chrono Boost)  
  69  6:21  Probe (Chrono Boost)  
  69  6:23  Probe (Chrono Boost)  
  69  6:24  Probe  
  71  6:29  Phoenix  
  71  6:32  Probe  
  75  6:40  Gateway x2  
  75  6:46  Colossus (Chrono Boost)  
  75  6:50  Pylon  
  81  6:54  Zealot  
  81  6:56  Probe x2  
  81  6:58  Probe  
  86  7:03  Shield Battery  
  86  7:08  Probe  
  87  7:10  Forge  
  87  7:12  Zealot  
  89  7:22  Probe  
  82  7:31  Zealot x3  
  82  7:34  Probe  
Tags
 
Add a new tag
Caveats
  • Supply blocks, unpowered buildings, or Contaminate may cause inaccurate times.
  • Supply counts are checked every 10 seconds.